SAAA
VERMONT LAKE MONSTERS @ SANTA BARBARA GOLDEN CRANES
09/21/2038
 
TOP OF THE 1ST
Vermont Lake Monsters batting - Pitching for Santa Barbara Golden Cranes : RHP Pedro Aguilar
Pitching: RHP Pedro Aguilar
Batting: RHB Miracle Crimes 0-0: Foul Ball, location: 2F
0-1: Foul Ball, location: 2F
0-2: Ball
1-2: Foul Ball, location: 2F
1-2: Ground out 5-3 (Groundball, 56, EV 82.5 MPH)
Batting: LHB Mike Sanderson 0-0: Ball
1-0: Hit by Pitch
Batting: RHB Rafael Pueblo 0-0: Ball
1-0: Fly out, F8 (Line Drive, 8LM, EV 95.6 MPH)
Batting: RHB Curf Pierstisnips 0-0: Fly out, F8 (Flyball, 8LM, EV 81.2 MPH)
Top of the 1st over - 0 runs, 0 hits, 0 errors, 1 left on base; Vermont 0 - Santa Barbara 0
BOTTOM OF THE 1ST
Santa Barbara Golden Cranes batting - Pitching for Vermont Lake Monsters : RHP Domingo Ramírez
Pitching: RHP Domingo Ramírez
Batting: RHB James Pike 0-0: Called Strike
0-1: Ball
1-1: Foul Ball, location: 2F
1-2: Strikes out swinging
Batting: LHB Victor Adams 0-0: Called Strike
0-1: Ball
1-1: Called Strike
1-2: Ball
2-2: Ball
3-2: Foul Ball, location: 2F
3-2: Fly out, F7 (Flyball, 7LSF, EV 91.9 MPH)
Batting: LHB Chan-ho Shinn 0-0: Ball
1-0: Fly out, F8 (Flyball, 8LD, EV 92.5 MPH)
Bottom of the 1st over - 0 runs, 0 hits, 0 errors, 0 left on base; Vermont 0 - Santa Barbara 0
TOP OF THE 2ND
Vermont Lake Monsters batting - Pitching for Santa Barbara Golden Cranes : RHP Pedro Aguilar
Batting: RHB Cedric Terriquez 0-0: Ball
1-0: Ball
2-0: Fly out, F7 (Flyball, 7LSF, EV 86.9 MPH)
Batting: RHB Marcel Roks 0-0: Called Strike
0-1: Foul Ball, location: 2F
0-2: Fly out, F8 (Flyball, 8LD, EV 106.2 MPH)
Batting: RHB Cord Hosenbeck 0-0: Ball
1-0: Fly out, F7 (Flyball, 7, EV 82.5 MPH)
Top of the 2nd over - 0 runs, 0 hits, 0 errors, 0 left on base; Vermont 0 - Santa Barbara 0
BOTTOM OF THE 2ND
Santa Barbara Golden Cranes batting - Pitching for Vermont Lake Monsters : RHP Domingo Ramírez
Batting: RHB Jody Clark 0-0: Ball
1-0: SINGLE (Groundball, 34D, EV 99.4 MPH)
Batting: LHB Xu Cheng 0-0: Called Strike
0-1: Ball
1-1: Foul Ball, location: 2F
1-2: SINGLE (Line Drive, 7S, EV 101.2 MPH)
Jody Clark to second
Batting: RHB Freedon Akinmoladun 0-0: Called Strike
0-1: Fly out, F9 (Flyball, 89M, EV 95.6 MPH)
Batting: RHB Rocky Zolman 0-0: SINGLE (Line Drive, 9S, EV 98.8 MPH)
Jody Clark to third
Xu Cheng to second
Batting: RHB Mike Strickland 0-0: Grounds into double play, 1-2-3 (Groundball, 13, EV 83.1 MPH)
Bottom of the 2nd over - 0 runs, 3 hits, 0 errors, 2 left on base; Vermont 0 - Santa Barbara 0
TOP OF THE 3RD
Vermont Lake Monsters batting - Pitching for Santa Barbara Golden Cranes : RHP Pedro Aguilar
Batting: RHB Domingo Zamora 0-0: Ball
1-0: Ball
2-0: Called Strike
2-1: Foul Ball, location: 2F
2-2: Ground out 4-3 (Groundball, 4, EV 105.0 MPH)
Batting: RHB Joshua Cadaval 0-0: Called Strike
0-1: Ball
1-1: Foul Ball, location: 2F
1-2: Ball
2-2: Ball
3-2: Ground out 6-3 (Groundball, 6, EV 89.4 MPH)
Batting: RHB Miracle Crimes 0-0: Ball
1-0: Called Strike
1-1: Foul Ball, location: 2F
1-2: Ball
2-2: Strikes out swinging
Top of the 3rd over - 0 runs, 0 hits, 0 errors, 0 left on base; Vermont 0 - Santa Barbara 0
BOTTOM OF THE 3RD
Santa Barbara Golden Cranes batting - Pitching for Vermont Lake Monsters : RHP Domingo Ramírez
Batting: RHB Juan Ibarra 0-0: Ball
1-0: Ground out U3 (Groundball, 34, EV 86.2 MPH)
Batting: RHB James Pike 0-0: Ball
1-0: Ball
2-0: Fly out, F8 (Flyball, 8LS, EV 86.9 MPH)
Batting: LHB Victor Adams 0-0: Ball
1-0: Foul Ball, location: 2F
1-1: Called Strike
1-2: SINGLE (Line Drive, 89S, EV 95.6 MPH)
Batting: LHB Chan-ho Shinn 0-0: Called Strike
0-1: Ground out 1-3 (Groundball, 23, EV 85.0 MPH)
Bottom of the 3rd over - 0 runs, 1 hit, 0 errors, 1 left on base; Vermont 0 - Santa Barbara 0
TOP OF THE 4TH
Vermont Lake Monsters batting - Pitching for Santa Barbara Golden Cranes : RHP Pedro Aguilar
Batting: LHB Mike Sanderson 0-0: Called Strike
0-1: Ball
1-1: SINGLE (Line Drive, 9S, EV 107.5 MPH)
Batting: RHB Rafael Pueblo 0-0: Foul Ball, location: 2F
0-1: SINGLE (Line Drive, 34, EV 104.4 MPH)
Mike Sanderson to second
Batting: RHB Curf Pierstisnips 0-0: Foul Ball, location: 2F
0-1: Ball
1-1: Fielders Choice at 2nd, 5-4 (Groundball, 56, EV 103.8 MPH)
Mike Sanderson to third
Batting: RHB Cedric Terriquez 0-0: Ball
Curf Pierstisnips is caught stealing 2nd base 2-4
1-0: Foul Ball, location: 2F
1-1: Swinging Strike
1-2: Strikes out swinging
Top of the 4th over - 0 runs, 2 hits, 0 errors, 1 left on base; Vermont 0 - Santa Barbara 0
BOTTOM OF THE 4TH
Santa Barbara Golden Cranes batting - Pitching for Vermont Lake Monsters : RHP Domingo Ramírez
Batting: RHB Jody Clark 0-0: Fly out, F8 (Flyball, 89XD, EV 103.1 MPH)
Batting: LHB Xu Cheng 0-0: Foul Ball, location: 2F
0-1: Swinging Strike
0-2: Ball
1-2: Foul Ball, location: 2F
1-2: Ground out 3-1 (Groundball, 34, EV 89.4 MPH)
Batting: RHB Freedon Akinmoladun 0-0: DOUBLE (Flyball, 8LXD, EV 112.5 MPH)
Batting: RHB Rocky Zolman 0-0: Foul Ball, location: 2F
0-1: Ball
1-1: Fly out, F6 (Line Drive, 6, EV 63.8 MPH)
Bottom of the 4th over - 0 runs, 1 hit, 0 errors, 1 left on base; Vermont 0 - Santa Barbara 0
TOP OF THE 5TH
Vermont Lake Monsters batting - Pitching for Santa Barbara Golden Cranes : RHP Pedro Aguilar
Batting: RHB Marcel Roks 0-0: Ball
1-0: Fly out, F5 (Popup, 56S, EV 69.4 MPH)
Batting: RHB Cord Hosenbeck 0-0: Ball
1-0: SINGLE (Line Drive, 4D, EV 103.1 MPH)
Batting: RHB Domingo Zamora 0-0: Foul Ball, location: 2F
0-1: Called Strike
0-2: Foul Ball, location: 2F
0-2: Ball
1-2: Fly out, F5 (Popup, 5SF, EV 84.4 MPH)
Batting: RHB Joshua Cadaval 0-0: Ball
1-0: Foul Ball, location: 2F
1-1: Foul Ball, location: 2F
1-2: Fielders Choice at 2nd, 5-4 (Groundball, 5, EV 97.5 MPH)
Top of the 5th over - 0 runs, 1 hit, 0 errors, 1 left on base; Vermont 0 - Santa Barbara 0
BOTTOM OF THE 5TH
Santa Barbara Golden Cranes batting - Pitching for Vermont Lake Monsters : RHP Domingo Ramírez
Batting: RHB Mike Strickland 0-0: Swinging Strike
0-1: Called Strike
0-2: Ball
1-2: Fly out, F4 (Line Drive, 4, EV 65.6 MPH)
Batting: RHB Juan Ibarra 0-0: Called Strike
0-1: Ball
1-1: Ball
2-1: Foul Ball, location: 2F
2-2: Foul Ball, location: 2F
2-2: Fly out, F7 (Flyball, 7D, EV 88.8 MPH)
Batting: RHB James Pike 0-0: Foul Ball, location: 2F
0-1: Foul Ball, location: 2F
0-2: Ball
1-2: Strikes out swinging
Bottom of the 5th over - 0 runs, 0 hits, 0 errors, 0 left on base; Vermont 0 - Santa Barbara 0
TOP OF THE 6TH
Vermont Lake Monsters batting - Pitching for Santa Barbara Golden Cranes : RHP Pedro Aguilar
Batting: RHB Miracle Crimes 0-0: Ball
1-0: Reached on error, E4 (Groundball, 4, EV 103.1 MPH)
Batting: LHB Mike Sanderson 0-0: Ball
Miracle Crimes steals 2nd base
1-0: Fly out, F5 (Popup, 5SF, EV 80.6 MPH)
Batting: RHB Rafael Pueblo 0-0: Called Strike
0-1: Ball
1-1: Swinging Strike
1-2: Ball
2-2: Ball
3-2: Base on Balls
Batting: RHB Curf Pierstisnips 0-0: Ball
1-0: SINGLE (Groundball, 4MD, EV 108.8 MPH)
Miracle Crimes to third
Rafael Pueblo to second
Runner from 3rd tries for Home, SAFE, throw by CF to home
Rafael Pueblo to third
Curf Pierstisnips to second
Batting: RHB Cedric Terriquez 0-0: Ball
1-0: Ball
2-0: Called Strike
2-1: Swinging Strike
2-2: Strikes out looking
Batting: RHB Marcel Roks 0-0: Called Strike
0-1: Fly out, F9 (Flyball, 9LS, EV 71.9 MPH)
Top of the 6th over - 1 run, 1 hit, 1 error, 2 left on base; Vermont 1 - Santa Barbara 0
BOTTOM OF THE 6TH
Santa Barbara Golden Cranes batting - Pitching for Vermont Lake Monsters : RHP Domingo Ramírez
Batting: LHB Victor Adams 0-0: Ground out 4-3 (Groundball, 4, EV 91.2 MPH)
Batting: LHB Chan-ho Shinn 0-0: Ball
1-0: Called Strike
1-1: DOUBLE (Line Drive, 8RXD, EV 106.2 MPH)
Batting: RHB Jody Clark 0-0: Ball
1-0: Foul Ball, location: 2F
1-1: SINGLE (Line Drive, 78M, EV 103.8 MPH)
Chan-ho Shinn to third
Batting: LHB Xu Cheng 0-0: Ball
1-0: SINGLE (Groundball, 4D, EV 106.2 MPH)
Chan-ho Shinn scores
Jody Clark to second
Runner from 2nd tries for 3rd, OUT! 8-5
Batting: RHB Freedon Akinmoladun 0-0: Ball
1-0: Foul Ball, location: 2F
1-1: Ball
2-1: Ball
3-1: Foul Ball, location: 2F
3-2: Strikes out looking
Bottom of the 6th over - 1 run, 3 hits, 0 errors, 1 left on base; Vermont 1 - Santa Barbara 1
TOP OF THE 7TH
Vermont Lake Monsters batting - Pitching for Santa Barbara Golden Cranes : RHP Pedro Aguilar
Batting: RHB Cord Hosenbeck 0-0: SINGLE (Line Drive, 8LS, EV 92.5 MPH)
Batting: RHB Domingo Zamora 0-0: Sac Bunt to 15 - play at second, runner safe!
Pinch Runner at 2nd Puck Schit:
Batting: RHB Joshua Cadaval 0-0: Called Strike
0-1: Foul Ball, location: 2F
0-2: Ball
1-2: Grounds into double play, 6-4-3 (Groundball, 6, EV 101.9 MPH)
Puck Schit to third
Batting: RHB Miracle Crimes 0-0: Ball
1-0: Ball
2-0: Ball
3-0: Called Strike
3-1: Base on Balls
Batting: LHB Mike Sanderson 0-0: Ball
Miracle Crimes is caught stealing 2nd base 2-6
Top of the 7th over - 0 runs, 1 hit, 0 errors, 1 left on base; Vermont 1 - Santa Barbara 1
BOTTOM OF THE 7TH
Santa Barbara Golden Cranes batting - Pitching for Vermont Lake Monsters : RHP Domingo Ramírez
Now at 3B: Naganori Takahashi
Batting: RHB Rocky Zolman 0-0: Fly out, F7 (Flyball, 7LD, EV 103.1 MPH)
Batting: RHB Mike Strickland 0-0: Ground out 1-3 (Groundball, P, EV 88.1 MPH)
Batting: RHB Juan Ibarra 0-0: Foul Ball, location: 2F
0-1: Ball
1-1: Fly out, F9 (Flyball, 9D, EV 108.8 MPH)
Bottom of the 7th over - 0 runs, 0 hits, 0 errors, 0 left on base; Vermont 1 - Santa Barbara 1
TOP OF THE 8TH
Vermont Lake Monsters batting - Pitching for Santa Barbara Golden Cranes : RHP Pedro Aguilar
Pitching: RHP Roger Taylor
Batting: LHB Mike Sanderson 0-0: Ball
1-0: Foul Ball, location: 2F
1-1: Fly out, F8 (Flyball, 78S, EV 89.4 MPH)
Batting: RHB Rafael Pueblo 0-0: Ball
1-0: Called Strike
1-1: SINGLE (Groundball, 4MD, EV 108.1 MPH)
Pitching: RHP Adam Garrison
Batting: RHB Curf Pierstisnips 0-0: Ball
1-0: Fly out, F8 (Line Drive, 8RD, EV 110.6 MPH)
Batting: RHB Cedric Terriquez 0-0: Ball
1-0: Ball
2-0: Ground out 6-3 (Groundball, 6MS, EV 83.1 MPH)
Top of the 8th over - 0 runs, 1 hit, 0 errors, 1 left on base; Vermont 1 - Santa Barbara 1
BOTTOM OF THE 8TH
Santa Barbara Golden Cranes batting - Pitching for Vermont Lake Monsters : RHP Domingo Ramírez
Pitching: RHP Billy Threepwood
Batting: RHB James Pike 0-0: Ball
1-0: Swinging Strike
1-1: Foul Ball, location: 2F
1-2: Strikes out looking
Batting: LHB Victor Adams 0-0: Called Strike
0-1: Fly out, F7 (Flyball, 7LM, EV 92.5 MPH)
Batting: LHB Chan-ho Shinn 0-0: SINGLE (Groundball, 4MD, EV 101.2 MPH)
Batting: RHB Jody Clark 0-0: Ball
1-0: Foul Ball, location: 2F
1-1: Foul Ball, location: 2F
1-2: Ball
2-2: SINGLE (Line Drive, 78S, EV 105.0 MPH)
Chan-ho Shinn to second
Batting: LHB Xu Cheng 0-0: Ball
1-0: Foul Ball, location: 2F
1-1: Ball
2-1: Fly out, F5 (Popup, 5F, EV 68.8 MPH)
Bottom of the 8th over - 0 runs, 2 hits, 0 errors, 2 left on base; Vermont 1 - Santa Barbara 1
TOP OF THE 9TH
Vermont Lake Monsters batting - Pitching for Santa Barbara Golden Cranes : RHP Adam Garrison
Pinch Hitting: LHB Fernando Sandoval 0-0: Ball
1-0: SINGLE (Flyball, 7LM, EV 93.1 MPH)
Batting: RHB Naganori Takahashi 0-0: Ball
1-0: Foul Ball, location: 2F
1-1: Sac Bunt to 23 - play at first, batter OUT! 3-4
Fernando Sandoval to second
Batting: RHB Domingo Zamora 0-0: Called Strike
0-1: Foul Ball, location: 2F
0-2: SINGLE (Groundball, 4D, EV 103.1 MPH)
Fernando Sandoval to third
Runner from 3rd tries for Home, SAFE, throw by RF to home
Domingo Zamora to second
Batting: RHB Joshua Cadaval 0-0: Ball
1-0: Swinging Strike
1-1: Swinging Strike
1-2: Ball
2-2: Strikes out looking
Batting: RHB Miracle Crimes 0-0: Called Strike
0-1: Ball
1-1: Foul Ball, location: 2F
1-2: Ball
2-2: Foul Ball, location: 2F
2-2: Ground out 5-3 (Groundball, 56, EV 101.2 MPH)
Top of the 9th over - 1 run, 2 hits, 0 errors, 1 left on base; Vermont 2 - Santa Barbara 1
BOTTOM OF THE 9TH
Santa Barbara Golden Cranes batting - Pitching for Vermont Lake Monsters : RHP Billy Threepwood
Now at 2B: Rusty Fox
Batting: RHB Freedon Akinmoladun 0-0: Foul Ball, location: 2F
0-1: Ball
1-1: Foul Ball, location: 2F
1-2: Ball
2-2: Foul Ball, location: 2F
2-2: Foul Ball, location: 2F
2-2: Ball
3-2: Fly out, F8 (Flyball, 8LM, EV 83.8 MPH)
Pinch Hitting: LHB Juan Ramírez 0-0: Called Strike
0-1: Foul Ball, location: 2F
0-2: Strikes out looking
Batting: RHB Mike Strickland 0-0: Ball
1-0: Foul Ball, location: 2F
1-1: Fly out, F7 (Flyball, 7S, EV 76.9 MPH)
Bottom of the 9th over - 0 runs, 0 hits, 0 errors, 0 left on base; Vermont 2 - Santa Barbara 1
Friday, April 17th, 2020 - OOTP Baseball 20.8 Build 74